 Dungeon Crawl Stone Soup version 0.23-a0-666-g28d4f2f0af (webtiles) character file.

676 Brecoman the Firebug (level 7, -2/36 HPs)
             Began as a Deep Elf Fire Elementalist on Jan 8, 2019.
             Killed by divine providence
             ... invoked by an orc priest
              (14 damage)
             ... on level 5 of the Dungeon.
             The game lasted 00:22:51 (4833 turns).

Brecoman the Firebug (Deep Elf Fire Elementalist)   Turns: 4833, Time: 00:22:52

Health: -2/36      AC:  2    Str:  5    XL:     7   Next: 33%
Magic:  11/17      EV: 15    Int: 22    God:
Gold:   201        SH:  0    Dex: 15    Spells: 10/16 levels left

rFire    . . .     SeeInvis .   g - +3 short sword (speed)
rCold    . . .     Gourm    .   (no shield)
rNeg     . . .     Faith    .   a - +0 robe
rPois    .         Spirit   .   (no helmet)
rElec    .         Reflect  .   (no cloak)
rCorr    .         Harm     .   (no gloves)
MR       .....                  (no boots)
Stlth    +++.......             (no amulet)
HPRegen  0.12/turn              f - ring of stealth
MPRegen  0.15/turn              (no ring)

@: very slightly contaminated
A: no striking features
a: no special abilities


You were on level 5 of the Dungeon.
You were not hungry.

You visited 1 branch of the dungeon, and saw 5 of its levels.

You collected 201 gold pieces.

Inventory:

Hand Weapons
 b - a +0 hand axe
 g - a +3 short sword of speed (weapon)
Missiles
 e - 185 stones (quivered)
Armour
 a - a +0 robe (worn)
Magical Staves
 n - an uncursed staff of air
Jewellery
 f - a ring of stealth (left hand)
Scrolls
 i - 4 scrolls of teleportation
 l - a scroll of fear {unknown}
 m - a scroll of remove curse {unknown}
 r - a scroll of blinking
 t - a scroll of holy word {unknown}
 u - a scroll of magic mapping
Potions
 d - a potion of brilliance
 h - 2 potions of curing {unknown}
 j - 3 potions of flight
 k - a potion of might {unknown}
 o - a potion of haste {unknown}
 p - a potion of ambrosia {unknown}
 q - a potion of cancellation {unknown}
Comestibles
 c - 9 rations
 s - 9 chunks of flesh


   Skills:
 + Level 5.0 Dodging
 - Level 2.4 Stealth
 + Level 5.4 Spellcasting
 + Level 3.9 Conjurations
 * Level 6.4 Fire Magic


You had 10 spell levels left.
You knew the following spells:

 Your Spells              Type           Power        Failure   Level  Hunger
a - Flame Tongue          Conj/Fire      ####.        1%          1    None
b - Throw Flame           Conj/Fire      ####..       1%          2    None
c - Conjure Flame         Conj/Fire      ####....     3%          3    ##.....

Your spell library contained the following spells:

 Spells                   Type           Power        Failure   Level  Hunger
 Inner Flame              Hex/Fire       ###.....     8%          3    ##.....
 Sticky Flame             Conj/Fire      ####....     12%         4    ####...
 Fireball                 Conj/Fire      ####......   32%         5    #####..


Dungeon Overview and Level Annotations

Branches:
Dungeon (5/15)
 Temple: D:4-7

Altars:
Fedhas
Kikubaaqudgha

Annotations:
D:4 exclusion: oklob plant


Message History

Aim: a leopard gecko The flame tongue hits the leopard gecko.
You kill the leopard gecko!
Casting: Flame Tongue (safe; 1% risk of failure)
Confirm with . or Enter, or press ? or * to list all spells.
Aiming: Flame Tongue (safe; 1% risk of failure)
Press: ? - help, Shift-Dir - straight line, f - orc priest
Aim: an orc priest, wielding a -3 mace You miscast Flame Tongue.
You are very lightly contaminated with residual magic.
You smell smoke.
Casting: Flame Tongue (safe; 1% risk of failure)
Confirm with . or Enter, or press ? or * to list all spells.
Aiming: Flame Tongue (safe; 1% risk of failure)
Press: ? - help, Shift-Dir - straight line, f/p - orc priest
Aim: an orc priest, wielding a -3 mace The flame tongue hits something.
The orc priest calls down the wrath of Beogh upon you.
Beogh smites you!
You die... #.#.o. #.#.# .ro

#...#
.......w
...
#o........
...
#{########
.# #)# .#
#@# r##
#.# ...
..# ..#
####
..########
..o...r.<#
#.########
#.# ..#


You could see an orc priest and an orc.

Vanquished Creatures
  A phantom (D:5)
  An ogre (D:4)
  A scorpion (D:4)
  A vampire bat (D:4)
  3 howler monkeys
  A hound (D:4)
  A bullfrog skeleton (D:4)
  A worker ant (D:4)
  A hound skeleton (D:4)
  3 gnolls (D:5)
  8 adders
  2 oozes (D:1)
  2 worms (D:3)
  4 leopard geckos
  3 orcs (D:5)
  7 bats
  4 bat skeletons (D:4)
  A bat zombie (D:4)
  2 giant cockroaches
  11 goblins
  11 hobgoblins
  8 jackals
  10 kobolds
  2 quokkas (D:4)
  4 ball pythons
  4 frilled lizards
  8 rats
  A plant (D:3)
106 creatures vanquished.

Notes
Turn   | Place    | Note
-------+----------+-------------------------------------------
     0 | D:1      | Brecoman the Deep Elf Fire Elementalist began the quest for
                  | the Orb.
     0 | D:1      | Reached XP level 1. HP: 10/10 MP: 6/6
   129 | D:1      | Reached XP level 2. HP: 15/15 MP: 2/8
   452 | D:1      | Reached XP level 3. HP: 10/19 MP: 2/9
   591 | D:1      | Learned a level 2 spell: Throw Flame
   595 | D:1      | Learned a level 3 spell: Conjure Flame
   990 | D:1      | Reached skill level 4 in Fire Magic
  1464 | D:2      | Reached XP level 4. HP: 24/24 MP: 1/11
  3279 | D:4      | Reached XP level 5. HP: 28/28 MP: 8/13
  3434 | D:4      | Reached skill level 5 in Fire Magic
  3612 | D:4      | Reached XP level 6. HP: 28/32 MP: 11/14
  3705 | D:4      | Found a blossoming altar of Fedhas.
  3726 | D:4      | Noticed an oklob plant
  3939 | D:4      | Found an ancient bone altar of Kikubaaqudgha.
  3947 | D:4      | Reached skill level 5 in Spellcasting
  4298 | D:4      | Reached skill level 6 in Fire Magic
  4555 | D:5      | Entered Level 5 of the Dungeon
  4580 | D:5      | Reached XP level 7. HP: 36/36 MP: 4/16
  4784 | D:5      | Reached skill level 5 in Dodging
  4833 | D:5      | Killed from afar by an orc priest

Vault maps used:
D:1:      psy_arrival_conway, wander_ebering_terrifying_dragon_lair
D:2:      first_ration, dk_vineyard_1, nrook_campfire
D:3:      minmay_angry_zag, lexackson_kobold_supper
D:4:      minmay_general_purpose_star, kennysheep_vampire_church, tgw_fedhas
D:5:      lemuel_castle_with_subvaults, kennysheep_mini, gup_sewer_entry_pipe,
          uniq_prince_ribbit1

Skill      XL: |  1  2  3  4  5  6  7 |
---------------+----------------------+-----
Dodging        | 3 4 5 |  5.0
Fire Magic     | 4 5 6 |  6.4
Conjurations   | 2 3 |  3.9
Spellcasting   | 4 5 |  5.4
Stealth        | |  2.4

Action                   |  1- 3 |  4- 6 |  7- 9 || total
-------------------------+-------+-------+-------++-------
Melee: Unarmed           |     3 |       |       ||     3
       Hand axe          |     4 |       |       ||     4
       Short sword       |     2 |   117 |       ||   119
Throw: Stone             |       |     8 |       ||     8
 Cast: Flame Tongue      |    35 |    53 |    22 ||   110
       Throw Flame       |    15 |    54 |     3 ||    72
       Conjure Flame     |     1 |     3 |       ||     4
  Use: Scroll            |       |     7 |       ||     7
 Stab: Sleeping          |     1 |     3 |       ||     4
  Eat: Chunk             |     2 |    11 |       ||    13
Armor: Robe              |     1 |    15 |       ||    16
Dodge: Dodged            |     3 |    50 |     5 ||    58

Table legend:
 A = Non-vault XP
 B = Vault XP
 C = Vault XP percentage of total XP
 D = Non-vault monster count
 E = Vault monster count
 F = Vault count percentage of total count
                 A         B        C        D         E       F
            +---------+---------+-------+---------+---------+-------
      Total |     839 |     128 |  13.2 |      82 |      23 |  21.9
            +---------+---------+-------+---------+---------+-------
        D:1 |      56 |       1 |   1.8 |      24 |       1 |   4.0
        D:2 |      64 |       0 |   0.0 |      18 |       0 |   0.0
        D:3 |      58 |      11 |  15.9 |      17 |       9 |  34.6
        D:4 |     462 |      67 |  12.7 |      16 |       6 |  27.3
        D:5 |     199 |      49 |  19.8 |       7 |       7 |  50.0
            +---------+---------+-------+---------+---------+-------
